 Dungeon Crawl Stone Soup version 0.31-a0-971-g75a2e9a4b4 (webtiles) character file.

Game seed: 10084827080226209620

118 wheat the Chopper (level 4, -1/4 HPs)
             Began as a Minotaur Berserker on Oct 28, 2023.
             Was a Believer of Trog.
             Slain by an ice beast (5 damage)
             ... on level 4 of the Dungeon.
             The game lasted 00:28:48 (1804 turns).

wheat the Chopper (Minotaur Berserker)              Turns: 1804, Time: 00:28:49

Health: -1/4       AC:  0    Str: 23    XL:     4   Next: 72%
Magic:  3/3        EV: 10    Int:  4    God:    Trog [**....]
Gold:   154        SH:  5    Dex: 10    Spells: 3/3 levels left

rFire   . . .        l - melded +0 mace
rCold   . . .        j - melded +0 kite shield
rNeg    + . .        k - +0 scale mail
rPois   .            (helmet restricted)
rElec   +            (no cloak)
rCorr   .            e - melded +0 pair of gloves
SInv    .            (no boots)
Will    .....        h - amulet "Vicoehe" {Reflect rElec rN+ SH+5} Stlth
                     (no ring)
HPRegen 0.20/turn    (no ring)
MPRegen 0.08/turn

%: reflection
@: blade hands
A: reduced hp, horns 2, retaliatory headbutt
a: Begin Untransformation, Renounce Religion, Berserk, Trog's Hand


You were on level 4 of the Dungeon.
You worshipped Trog.
Trog was pleased with you.
You had blades for hands.
You visited 1 branch of the dungeon, and saw 5 of its levels.

You collected 154 gold pieces.

Inventory:

Hand Weapons
 a - a +0 hand axe
 l - a +0 mace (melded)
 n - a +0 antimagic whip
 r - a +0 sling
Missiles
 i - 11 stones
Armour
 e - a +0 pair of gloves (melded)
 f - a +0 leather armour
 j - a +0 kite shield (melded)
 k - a +0 scale mail (worn)
 t - a +0 tower shield
Jewellery
 h - the amulet "Vicoehe" (around neck) {Reflect rElec rN+ SH+5}
   (You found it on level 2 of the Dungeon)

   [amulet of reflection]

   Reflect:   It reflects blocked missile attacks.
   rElec:     It insulates you from electricity.
   rN+:       It protects you from negative energy.
   SH+5:      It affects your SH (+5).
Talismans
 s - a blade talisman (active)
Wands
 m - a wand of iceblast (10)
Scrolls
 p - 3 scrolls of identify {unknown}
Potions
 b - a potion of might {unknown}
 c - a potion of haste {unknown}
 d - a potion of degeneration {unknown}
 g - 3 potions of curing {unknown}
 o - a potion of brilliance {unknown}
 q - a potion of attraction {unknown}


   Skills:
 + Level 4.4 Fighting
 + Level 4.9(5.0) Axes
 + Level 1.2(3.3) Maces & Flails
 + Level 2.9 Armour
 + Level 2.8 Dodging
 + Level 0.5 Stealth
 + Level 1.0 Shields


You had 3 spell levels left.
You didn't know any spells.
Your spell library was empty.

Dungeon Overview and Level Annotations

Branches:
Dungeon (5/15)
 Temple: D:4-7

Altars:
Ru
Xom
Yredelemnul

Shops:
D:2 =(


Innate Abilities, Weirdness & Mutations

You have blades for hands.
Your maximum health is decreased, since you lack skill for your form.
You are incapable of wielding weapons or throwing items.
You have a pair of horns on your head.
You reflexively headbutt those who attack you in melee.


Message History

There is an open door here.
There is an open door here.
You see here a +0 tower shield.
t - a +0 tower shield
There is an open door here.
There is an open door here.
There is a stone staircase leading down here.
You climb downwards.
Found an escape hatch in the ceiling.
Found a stone staircase leading down.
There is a stone staircase leading up here.
Okay, then.
You are a level 4 Minotaur Berserker.
You are 72% of the way to level 5.
Play time: 00:28:08 (1795 turns).
Zot will find you in 26999 turns if you stay in this branch and explore no new floors.
Unknown command.
You start removing your amulet.
You continue taking off the amulet "Vicoehe" {Reflect rElec rN+ SH+5}. x2
The ice beast hits you but does no damage.
You stop removing your amulet.
The ice beast closely misses you.
You climb upwards.
There is a stone staircase leading down here.
An ice beast is nearby!
You block the ice beast's attack.
You begin transforming.
You continue transforming.
You block the ice beast's attack.
You continue transforming.
You block the ice beast's attack.
You continue transforming.
The ice beast hits you. The ice beast freezes you.
Your hands turn into razor-sharp scythe blades.
Your +0 mace melds into your body.
Your +0 pair of gloves melds into your body.
Your +0 kite shield melds into your body.
HP restored.
You hit the ice beast.
The ice beast is lightly wounded.
The ice beast hits you.
Ouch! That really hurt!
You die...

#....#..............#...#
#....#..............#...#
#....#..............#...#
#....#..............#...#
#....#..............#...#
#....'..............#...#
#....#..............#####
#....#####'########......
#..... #@.....# ......
#......+Y.....# .....
#......#......# ...
#......#......# ...
###########'### ...
#.....###...#
#...........#
#...........#
#...........#


You could see an ice beast.

Vanquished Creatures
  An orc wizard (D:3)
  5 adders
  A worm (D:2)
  2 ball pythons
  A bat (D:2)
  6 endoplasms
  2 giant cockroaches (D:2)
  A goblin (D:1)
  9 hobgoblins
  2 jackals (D:2)
  2 quokkas
  5 frilled lizards
  2 kobolds (D:2)
  5 rats
44 creatures vanquished.

Notes
Turn   | Place    | Note
-------+----------+-------------------------------------------
     0 | D:1      | wheat the Minotaur Berserker began the quest for the Orb.
     0 | D:1      | Reached XP level 1. HP: 19/19 MP: 0/0
   620 | D:2      | Found Udaoxy's Jewellery Boutique.
   625 | D:2      | Reached XP level 2. HP: 27/27 MP: 1/1
   652 | D:2      | Identified the amulet "Vicoehe" {Reflect rElec rN+ SH+5}
   689 | D:2      | Found Igiythro's Antique Weapon Shoppe.
   729 | D:2      | Reached XP level 3. HP: 28/33 MP: 2/2
   968 | D:2      | Reached ** piety under Trog
  1054 | D:3      | Found a shimmering altar of Xom.
  1123 | D:3      | Found a sacrificial altar of Ru.
  1141 | D:3      | Reached XP level 4. HP: 41/41 MP: 3/3
  1292 | D:4      | Reached skill level 1 in Maces & Flails
  1342 | D:4      | Found a basalt altar of Yredelemnul.
  1687 | D:4      | Reached skill level 1 in Shields
  1794 | D:5      | Entered Level 5 of the Dungeon
  1794 | D:5      | Noticed an ice beast
  1804 | D:4      | Slain by an ice beast

Illustrated notes

Levels and vault maps discovered:
D:1:      arrival_zaba_pyramid, layout_basic, minmay_misc_feat_diagonals
D:2:      layout_rooms, serial_shops, shop, shop, minmay_misc_feat_chi
D:3:      layout_loops_ring, mainiacjoe_overflow_alcove_2,
          nicolae_ru_great_annihilating_truth, bloody_makhleb, uniq_terence
D:4:      layout_gridville, nicolae_overflow_crystal_walls
D:5:      layout_basic, minmay_temple_entry_arrows

Skill      XL: |  1  2  3  4 |
---------------+-------------+-----
Axes           | 4 |  4.9
Fighting       | 4 |  4.4
Maces & Flails | 1 |  1.2
Shields        | 1 |  1.0
Armour         | |  2.9
Dodging        | |  2.8
Stealth        | |  0.5

Action                     |  1- 3 |  4- 6 || total
---------------------------+-------+-------++-------
  Melee: Hand axe          |    53 |       ||    53
         Headbutt          |    10 |     3 ||    13
         Punch             |     1 |       ||     1
         Mace              |    19 |    39 ||    58
         Unarmed           |       |     1 ||     1
   Stab: Sleeping          |     1 |       ||     1
         Invisible         |     1 |       ||     1
         Paralysed         |       |     3 ||     3
 Armour: Robe              |     3 |       ||     3
         Leather armour    |    14 |       ||    14
         Scale mail        |    11 |    18 ||    29
  Dodge: Dodged            |    33 |    11 ||    44
  Block: Kite shield       |    16 |    29 ||    45
         Reflection        |     1 |       ||     1
   Form: Blade             |       |     1 ||     1

Table legend: (Time is in decaauts)
 A = Elapsed time spent in this place.
 B = Non-inter-level travel time spent in this place.
 C = Inter-level travel time spent in this place.
 D = Time resting spent in this place.
 E = Time spent auto-exploring this place.
 F = Levels seen in this place.
 G = Mean time per level.
                   A        B        C        D        E       F      G
               +--------+--------+--------+--------+--------+-----+--------+
         Total |   1833 |    620 |   1213 |      0 |    161 |   5 |  366.6 |
       Dungeon |   1833 |    620 |   1213 |      0 |    161 |   5 |  366.6 |
               +--------+--------+--------+--------+--------+-----+--------+

Top non-repeatable levels by time:
     D:1: 622 daAuts
     D:4: 589 daAuts
     D:2: 392 daAuts
     D:3: 224 daAuts
     D:5: 4 daAuts
